 Dungeon Crawl Stone Soup version 0.31-a0-152-g6aa68a64a1 (webtiles) character file.

Game seed: 11180910802488189497

65 qw the Shooter (level 3, 0/31 HPs)
             Began as a Minotaur Hunter on June 10, 2023.
             Slain by a cerulean imp
             ... wielding a +1 spear
             ... summoned by Natasha
              (5 damage)
             ... on level 2 of the Dungeon.
             The game lasted 00:00:31 (1261 turns).

qw the Shooter (Minotaur Hunter)                    Turns: 1261, Time: 00:00:31

Health: 0/31       AC:  3    Str: 15    XL:     3   Next: 92%
Magic:  2/2        EV: 12    Int:  6    God:
Gold:   101        SH:  0    Dex: 15    Spells: 2/2 levels left

rFire   . . .        Y - +1 shortbow
rCold   . . .        (shield currently unavailable)
rNeg    . . .        c - +0 leather armour
rPois   .            (helmet restricted)
rElec   .            (no cloak)
rCorr   .            (no gloves)
SInv    .            (no boots)
Will    .....        (no amulet)
Stlth   +            (no ring)
HPRegen 0.25/turn    (no ring)
MPRegen 0.08/turn

%: no passive effects
@: slowed, very slow
A: horns 2, retaliatory headbutt
a: no special abilities


You were on level 2 of the Dungeon.
You visited 1 branch of the dungeon, and saw 2 of its levels.

You collected 221 gold pieces.
You spent 120 gold pieces at shops.


Innate Abilities, Weirdness & Mutations

You have a pair of horns on your head.
You reflexively headbutt those who attack you in melee.


   Skills:
 - Level 3.0 Fighting
 + Level 5.9 Ranged Weapons
 - Level 2.1 Dodging
 - Level 0.7 Stealth


You had 2 spell levels left.
You didn't know any spells.
Your spell library was empty.

Inventory:

Hand Weapons
 Y - a +1 shortbow (weapon)
Armour
 c - a +0 leather armour (worn)
Jewellery
 e - a ring of poison resistance
 h - a ring of protection from fire
Scrolls
 a - 2 scrolls of blinking {unknown}
 l - 5 scrolls of identify
Potions
 b - a potion of berserk rage {unknown}
 d - a potion of lignification {unknown}
 f - a potion of magic {unknown}
 g - a potion of haste {unknown}
 k - 2 potions of might

Dungeon Overview and Level Annotations

Branches:
Dungeon (2/15)

Altars:

Shops:
D:1 *

Annotations:
D:2 Natasha


Message History

The endoplasm quivers.
You shoot an arrow. The arrow misses the cerulean imp.
The cerulean imp hits you from afar with a +1 spear.
You shoot an arrow.
The arrow hits the cerulean imp but does no damage.
The cerulean imp hits you but does no damage.
You shoot an arrow.
The arrow closely misses the cerulean imp.
The cerulean imp hits you but does no damage.
The endoplasm freezes you.
You are frozen.
You shoot an arrow. The arrow hits the endoplasm.
The endoplasm is severely wounded.
The cerulean imp closely misses you. The endoplasm freezes you.
You are frozen.
You shoot an arrow. The arrow hits the endoplasm.
You kill the endoplasm!
The cerulean imp hits you from afar with a +1 spear.
Natasha claws you. The cerulean imp barely misses you.
You shoot an arrow. The arrow misses Natasha.
Natasha barely misses you. You furiously retaliate!
You headbutt Natasha!
The cerulean imp hits you from afar with a +1 spear.
You shoot an arrow. The arrow closely misses Natasha.
Natasha closely misses you. The cerulean imp closely misses you.
Natasha claws you but does no damage.
You shoot an arrow. The arrow hits Natasha.
Natasha is severely wounded.
The cerulean imp hits you from afar with a +1 spear.
Natasha stares at you and mumbles some strange words.
You feel yourself slow down.
You shoot an arrow. The arrow closely misses Natasha.
The cerulean imp closely misses you. Natasha misses you.
The cerulean imp hits you from afar with a +1 spear.
You shoot an arrow. The arrow hits Natasha.
Natasha is almost dead.
Natasha casts a spell at you.
You feel as though you will be slow longer.
The cerulean imp hits you from afar with a +1 spear.
You die...

## #..###.### .#
##..##.########## .####
##.##.##.......) ....#
#....##........ ###.##
####..##........ ###..###
#...............
..##...####......#........
#.####...%...###.#........
#.....#%.%.#####@..#######
####.....#####.h.###
#......#....##.5.#
#.##..#####..#..##
#.#............##
#.#.#####......# ....#
##.#..## ...## #.....#
#### #.#.#..#


You could see Natasha and a cerulean imp (summoned).

Vanquished Creatures
  2 adders (D:2)
  2 worms (D:2)
  A dart slug (D:2)
  3 endoplasms
  2 giant cockroaches
  5 hobgoblins
  A quokka (D:1)
  3 ball pythons (D:1)
  6 bats
  3 frilled lizards (D:1)
  2 goblins
  5 kobolds
  6 rats
41 creatures vanquished.

Notes
Turn   | Place    | Note
-------+----------+-------------------------------------------
     0 | D:1      | qw the Minotaur Hunter began the quest for the Orb.
     0 | D:1      | Reached XP level 1. HP: 18/18 MP: 0/0
     0 | D:1      | 0 ||| qw: Version: 0.2-a-122-gbc61b45
     0 | D:1      | 0 ||| qw: Game counter: 3537
     0 | D:1      | 0 ||| qw: Always use a shield: true
     0 | D:1      | 0 ||| qw: God list: Okawaru
     0 | D:1      | 0 ||| qw: Allow faded altars: false
     0 | D:1      | 0 ||| qw: Do Orc after D:15 true
     0 | D:1      | 0 ||| qw: Do second Lair branch before Depths: true
     0 | D:1      | 0 ||| qw: Lair rune preference: random
     0 | D:1      | 0 ||| qw: Plans: Normal
     0 | D:1      | 0 ||| PLANNING D:1-11
   288 | D:1      | Reached XP level 2. HP: 24/25 MP: 1/1
   305 | D:1      | Reached skill level 5 in Ranged Weapons
   422 | D:1      | Reached skill level 3 in Fighting
   645 | D:1      | Found Dosopp's General Store.
   653 | D:1      | 653 ||| BUYING 2 potions of might (96 gold).
   653 | D:1      | Bought 2 potions of might for 96 gold pieces
   653 | D:1      | 653 ||| SHOPLISTING potion of curing (36 gold, have 24).
   653 | D:1      | 653 ||| SHOPLISTING scroll of enchant armour (90 gold, have
                  | 24).
   653 | D:1      | 653 ||| BUYING scroll of identify (24 gold).
   653 | D:1      | Bought a scroll of identify for 24 gold pieces
   653 | D:1      | 653 ||| SHOPLISTING scroll of identify (24 gold, have 0).
   781 | D:1      | 781 ||| READING scroll labelled DAWI TERIE.
   782 | D:1      | 782 ||| READING scroll labelled DOALEUKIER.
   783 | D:1      | 783 ||| READING scroll labelled FIOXKUNT LACH.
   784 | D:1      | 784 ||| READING scroll labelled REZOCO RAWKUE.
   785 | D:1      | 785 ||| DROPPING scroll of butterflies.
   883 | D:2      | Reached XP level 3. HP: 31/31 MP: 2/2
  1050 | D:2      | 1050 ||| FLEEEEING.
  1053 | D:2      | 1053 ||| FLEEEEING.
  1054 | D:2      | 1054 ||| FLEEEEING.
  1055 | D:2      | 1055 ||| FLEEEEING.
  1056 | D:2      | 1056 ||| FLEEEEING.
  1057 | D:2      | 1057 ||| FLEEEEING.
  1243 | D:2      | Noticed Natasha
  1244 | D:2      | 1244 ||| FLEEEEING.
  1245 | D:2      | 1245 ||| FLEEEEING.
  1249 | D:2      | 1249 ||| FLEEEEING.
  1259 | D:2      | HP: 7/31 [cerulean imp/+1 spear[Natasha] (4)]
  1261 | D:2      | Slain by a cerulean imp

Levels and vault maps discovered:
D:1:      minmay_arrival_up_and_down, layout_basic, serial_shops, shop,
          st_stairs_9
D:2:      layout_rooms, kennysheep_generic_room_15, uniq_natasha

Skill      XL: |  1  2 |
---------------+-------+-----
Ranged Weapons | 5 |  5.9
Fighting       | 3 |  3.0
Dodging        | |  2.1
Stealth        | |  0.7

Action                     || total
---------------------------++-------
   Fire: Shortbow          ||   122
    Use: Scroll            ||     4
 Armour: Leather armour    ||    11
  Dodge: Dodged            ||    22

Table legend:
 A = Non-vault XP
 B = Vault XP
 C = Vault XP percentage of total XP
 D = Non-vault monster count
 E = Vault monster count
 F = Vault count percentage of total count
                 A         B        C        D         E       F
            +---------+---------+-------+---------+---------+-------
      Total |      77 |      16 |  17.2 |      38 |       3 |   7.3
            +---------+---------+-------+---------+---------+-------
        D:1 |      35 |       3 |   7.9 |      23 |       2 |   8.0
        D:2 |      42 |      13 |  23.6 |      15 |       1 |   6.2
            +---------+---------+-------+---------+---------+-------
